 Dungeon Crawl Stone Soup version 0.30.0-15-g856e2d3f33 (webtiles) character file.

Game seed: 14608401297909593884

4 browni3141 the Caller (level 1, 0/13 HPs)
             Began as a Mummy Summoner on May 19, 2023.
             Slain by a hobgoblin (1 damage)
             ... on level 2 of the Dungeon.
             The game lasted 00:01:06 (94 turns).

browni3141 the Caller (Mummy Summoner)                Turns: 94, Time: 00:01:07

Health: 0/13       AC:  2    Str: 11    XL:     1   Next: 58%
Magic:  0/4        EV: 12    Int: 14    God:
Gold:   25         SH:  0    Dex: 12    Spells: 5/6 levels left

rFire   x . .        b - +0 club
rCold   + . .        (no shield)
rNeg    + + +        a - +0 robe
rPois   ∞            (no helmet)
rElec   .            (no cloak)
rCorr   .            (no gloves)
SInv    .            (no boots)
Will    .....        (no amulet)
Stlth   ++           (no ring)
HPRegen 0.22/turn    (no ring)
MPRegen 0.09/turn

%: faith
@: no status effects
A: cold resistance 1, negative energy resistance 3, torment resistance 2, heat
vulnerability 1, no potions, faith
a: no special abilities


You were on level 2 of the Dungeon.
You visited 1 branch of the dungeon, and saw 2 of its levels.

You collected 25 gold pieces.

Inventory:

Hand Weapons
 b - a +0 club (weapon)
Armour
 a - a +0 robe (worn)


   Skills:
 - Level 1.5 Dodging
 - Level 1.5 Stealth
 * Level 3.2 Spellcasting
 - Level 3.2 Summonings


You had 5 spell levels left.
You knew the following spells:

 Your Spells              Type           Power      Damage    Failure   Level
z - Summon Small Mammal   Summ           44%        N/A       5%          1

Your spell library contained the following spells:

 Spells                   Type           Power      Damage    Failure   Level
 Call Imp                 Summ           22%        N/A       9%          2
 Call Canine Familiar     Summ           11%        N/A       16%         3
 Summon Guardian Golem    Hex/Summ       6%         N/A       32%         3
 Summon Lightning Spire   Summ/Air       6%         N/A       71%         4


Dungeon Overview and Level Annotations

Branches:
Dungeon (2/15)

Altars:


Innate Abilities, Weirdness & Mutations

You are immune to poison.
Your flesh is cold resistant. (rC+)
You are immune to negative energy. (rN+++)
You are immune to unholy pain and torment.
You are vulnerable to heat. (rF-)
You do not drink.
You have a special connection with the divine. (Faith)


Message History

Your quokka barely misses the goblin.
Your rat barely misses the goblin.
The goblin barely misses you.
You hit the goblin.
You kill the goblin!
Your Spellcasting skill increases to level 3!
You swap places.
Things that are here:
a +0 club; a goblin corpse
b - a +0 club (weapon)
Your magical contamination has completely faded away.
You now have 25 gold pieces (gained 8).
A kobold comes into view. It is wielding a +0 short sword.
The kobold shouts!
Your quokka closely misses the kobold.
A ball python comes into view.
You barely miss the kobold.
Your quokka disappears in a puff of smoke!
Your rat disappears in a puff of smoke!
An adder comes into view.
The kobold barely misses you.
You closely miss the kobold. The kobold barely misses you.
The kobold misses you.
The adder hisses angrily.
The kobold misses you.
Your bat closely misses the kobold.
The kobold completely misses you.
You closely miss the kobold.
Your bat barely misses the kobold.
Your bat barely misses the adder.
The adder closely misses your bat.
Your bat closely misses the kobold.
Your bat hits the kobold but does no damage.
The adder closely misses your bat. The kobold barely misses you.
The ball python barely misses your bat. The ball python misses your bat.
You hit the kobold.
The kobold is severely wounded.
Your bat hits the kobold but does no damage.
Your bat barely misses the kobold.
Your bat hits the kobold.
The kobold dies!
Your bat misses the adder. The adder bites your bat.
Your bat is poisoned.
The adder poisons your bat!
Your bat hits the adder. Your bat misses the ball python.
Your bat hits the ball python. The ball python misses your bat.
The ball python closely misses your bat.
Your bat dies!
Your bat's corpse disappears in a puff of smoke!
Your bat misses the adder.
A ball python comes into view.
Your bat hits the ball python.
The ball python hisses angrily.
Your bat hits the ball python.
A bat comes into view.
The ball python closely misses your bat.
The ball python grabs your bat. The ball python constricts your bat.
The bat moves out of view.
Your bat hits the ball python.
The ball python dies!
Casting: Summon Small Mammal (safe; 5% risk of failure)
Press: ? - help, Q - select action Dir - look around, f - activate Your bat barely misses the adder.
The adder bites you. The adder closely misses you.
You closely miss the adder. Your bat hits the adder.
Your bat closely misses the adder.
The adder closely misses you.
You hit the adder.
The adder is moderately wounded.
Your bat misses the adder. x2; The adder bites you.
Your bat barely misses the ball python.
The adder bites you.
* * * LOW HITPOINT WARNING * * *
You swap places.
A hobgoblin comes into view.
Your bat misses the adder. The adder attacks as you move away!
The adder closely misses you.
A goblin comes into view. It is wielding a +0 dagger.
Your bat closely misses the ball python.
Your bat barely misses the adder.
The ball python bites your bat. The ball python grabs your bat.
The ball python constricts your bat.
Your bat struggles to escape constriction.
The ball python loses its grip on your bat.
The adder misses you.
Your bat hits the ball python.
Your bat closely misses the adder.
Your bat closely misses the ball python.
The adder bites your bat.
Your bat dies!
Your bat's corpse disappears in a puff of smoke!
Casting: Summon Small Mammal (safe; 5% risk of failure)
Press: ? - help, Q - select action Dir - look around, f - activate Your bat hits the adder.
The adder attacks as you move away! The adder bites you.
* * * LOW HITPOINT WARNING * * *
The adder bites your rat.
Your rat dies!
Your rat's corpse disappears in a puff of smoke!
You hit the adder but do no damage.
The adder is heavily wounded.
The adder misses you. The goblin completely misses you.
The goblin attacks as you move away! The goblin hits you but does no damage.
The adder attacks as you move away! The adder bites you.
* * * LOW HITPOINT WARNING * * *
The adder bites you.
* * * LOW HITPOINT WARNING * * *
The hobgoblin attacks as you move away! The hobgoblin hits you.
You die...

. #......# #................
..#......###............###.
.#.............##.#......###
.. #........................
...###............##...###...
.........†...................
.................#.b###.#....
..###..#.##.g...#..# ..S..
#.<.....@gS#....# ##...
#.............S.....) ...
#.###............#.## .. #
#...............#
#...........##....
#.....<...........
#.#.##...<..### ............#


You could see an adder, a hobgoblin, a goblin and a ball python.

Vanquished Creatures
  A goblin (D:2)
  A rat (D:1)
2 creatures vanquished.

Vanquished Creatures (collateral kills)
  2 ball pythons (D:2)
  A kobold (D:2)
3 creatures vanquished.

Grand Total: 5 creatures vanquished

Notes
Turn   | Place    | Note
-------+----------+-------------------------------------------
     0 | D:1      | browni3141 the Mummy Summoner began the quest for the Orb.
     0 | D:1      | Reached XP level 1. HP: 13/13 MP: 4/4
    55 | D:2      | Reached skill level 3 in Spellcasting
    94 | D:2      | Slain by a hobgoblin

Illustrated notes

Levels and vault maps discovered:
D:1:      onia_arrival_handbag, layout_loops_corners,
          chequers_serial_rivers_marsh, minmay_close_crescents
D:2:      layout_rooms, kennysheep_generic_room_3

Skill      XL: |  1 |
---------------+----+-----
Spellcasting   | 3 |  3.2
Dodging        | |  1.5
Stealth        | |  1.5
Summonings     | |  3.2

Action                     || total
---------------------------++-------
  Melee: Club              ||     7
         Unarmed           ||     5
   Cast: Summon Small Mamm ||     9
   Stab: Distracted        ||     1
 Armour: Robe              ||     1
  Dodge: Dodged            ||    16
